Canucks vs Sénateurs
Created - 29 octobre 2013 at 23:29
Goals
|
| Canucks |
0 |
2 |
2 |
4 |
| Sénateurs |
0 |
1 |
0 |
1 |
|
Shots
|
| Canucks |
6 |
12 |
8 |
26 |
| Sénateurs |
13 |
13 |
3 |
29 |
|
1st period
No Goal
Penalties :
No Penalty
2nd period
1. Sénateurs , Paul Gaustad 2 (Nikita Alexeev, Sami Salo) at 5:26 (PP)
2. Canucks , Brent Sopel 2 (David Jones, Scott Niedermayer) at 8:05
3. Canucks , Jaromir Jagr 3 (Peter Worrell, Brent Sopel) at 19:01
Penalties :
Daymond Langkow (Ott) for Boarding (Minor) at 0:59, Peter Worrell (Van) for Hooking (Minor) at 4:17, Sami Salo (Ott) for Slashing (Minor) at 8:21, Peter Worrell (Van) for Tripping (Minor) at 8:21, Andy McDonald (Ott) for Slashing (Minor) at 12:41
3rd period
4. Canucks , Daniel Paille 1 (Brad Richardson, Taylor Chorney) at 8:18
5. Canucks , Fabian Brunnstrom 2 (David Jones) at 10:19
Penalties :
Brent Sopel (Van) for High sticking (Minor) at 0:15, Jonas Hiller (Ott) for Delaying the game (Minor) at 5:48 - Vitaly Vishnevsky served the penalty, Fabian Brunnstrom (Van) for Checking from behind (Major) at 10:52, Scott Niedermayer (Van) for Tripping (Minor) at 19:35
Goalie Stats
Jean-Sébastien Giguère (Van), 28 saves from 29 shots - (0,966), W, 1-0-0, 60:00 minutes
Jonas Hiller (Ott), 22 saves from 26 shots - (0,846), L, 2-2-0, 60:00 minutes
Players Stats for Canucks
Player Name G A P +/- PIM S H SB GA TA FO MP PP MP PK MP
------------------------------------------------------------------------------------
Brad Richardson 0 1 1 1 0 0 0 1 0 0 2/4 9:53 0:00 1:55
Brent Sopel 1 1 2 3 2 2 3 3 0 1 0/0 25:33 3:28 3:17
Brooks Orpik 0 0 0 1 0 0 1 1 0 0 0/0 20:45 2:29 3:57
Chris Campoli 0 0 0 1 0 0 1 1 0 1 0/0 20:35 2:29 3:13
Clarke MacArthur 0 0 0 0 0 0 0 0 0 1 0/0 17:32 2:39 3:30
Daniel Paille 1 0 1 1 0 2 2 1 0 0 0/0 8:32 0:00 0:51
David Jones 0 2 2 2 0 3 4 0 0 0 0/0 11:55 0:26 0:00
Erik Christensen 0 0 0 0 0 0 3 0 2 0 1/6 13:53 2:39 0:00
Fabian Brunnstrom 1 0 1 2 5 5 1 0 2 0 0/0 12:30 0:26 0:00
Jaromir Jagr 1 0 1 1 0 6 0 0 1 0 2/4 21:44 2:52 4:05
Jiri Hudler 0 0 0 1 0 2 1 1 0 0 12/23 18:00 2:52 1:27
Nick Pryor 0 0 0 0 0 0 1 0 0 0 0/0 13:54 0:00 1:57
Peter Worrell 0 1 1 1 4 3 0 0 0 0 3/4 20:15 2:52 3:24
Rickard Wallin 0 0 0 2 0 0 3 1 0 1 2/7 10:28 0:00 0:00
Scott Niedermayer 0 1 1 3 2 1 0 2 0 1 0/0 25:44 3:28 4:11
Sheldon Keefe 0 0 0 1 0 1 2 0 1 0 0/0 10:45 0:26 1:50
Taylor Chorney 0 1 1 0 0 0 0 1 0 0 0/0 13:34 0:00 0:27
Zigmund Palffy 0 0 0 0 0 1 2 1 1 0 0/0 13:53 2:39 0:00
Players Stats for Sénateurs
Player Name G A P +/- PIM S H SB GA TA FO MP PP MP PK MP
------------------------------------------------------------------------------------
Andy McDonald 0 0 0 -1 2 6 3 1 0 0 1/1 18:52 3:25 1:02
Chris Kelly 0 0 0 -1 0 1 1 0 0 0 1/1 11:40 0:00 2:05
Dan Girardi 0 0 0 -1 0 0 0 0 0 1 0/0 13:38 0:24 1:08
Dan Hinote 0 0 0 0 0 0 0 0 0 0 0/0 8:17 0:57 0:00
Daymond Langkow 0 0 0 -1 2 5 0 1 0 0 14/27 20:59 3:29 2:13
Jay McKee 0 0 0 -3 0 0 0 2 2 2 0/0 27:26 3:48 3:18
Nikita Alexeev 0 1 1 -2 0 2 4 0 0 0 1/1 16:41 4:02 0:00
Paul Gaustad 1 0 1 -2 0 6 3 0 0 0 2/8 18:21 4:00 1:22
Ray Whitney 0 0 0 -2 0 1 2 0 0 1 0/0 17:29 4:05 0:56
Richard Jackman 0 0 0 0 0 0 0 0 1 2 0/0 20:29 4:12 2:39
Sami Kapanen 0 0 0 -1 0 0 1 1 0 0 0/0 10:24 0:44 0:00
Sami Salo 0 1 1 0 2 2 1 1 1 0 0/0 20:32 4:12 2:39
Sean Avery 0 0 0 -1 0 1 0 0 0 0 2/2 11:11 0:33 1:22
Todd Bertuzzi 0 0 0 -1 0 0 0 0 1 0 4/6 21:37 3:29 2:54
Toni Lydman 0 0 0 -1 0 0 2 1 0 1 0/0 11:58 0:31 0:00
Vernon Fiddler 0 0 0 0 0 2 1 0 0 0 1/2 8:52 0:49 0:00
Ville Nieminen 0 0 0 0 0 1 1 0 0 0 0/0 7:31 0:00 0:00
Vitaly Vishnevsky 0 0 0 -3 0 2 1 3 0 0 0/0 26:04 3:55 2:10
3 Stars
1 - Brent Sopel (Van)
2 - David Jones (Van)
3 - Jean-Sébastien Giguère (Van)
Power Play
Canucks - 0 on 3 Attempt(s) - 0,00%
Sénateurs - 1 on 4 Attempt(s) - 25,00%
Penalty Kill
Canucks - 3 on 4 Attempt(s) - 75,00%
- Score 0 goal in Penalty Kill
Sénateurs - 3 on 3 Attempt(s) - 100,00%
- Score 0 goal in Penalty Kill
Official
Referees : Hasenfratz Mike and LaRue Dennis
Linesman : Derek Nansen and Mike Cvik
Game Notes
No Game Note
Finance
Level 1 -- Attendance: 4945 (82,42%) -- Ticket Income 445 050 $
Level 2 -- Attendance: 4977 (99,54%) -- Ticket Income 248 850 $
Level 3 -- Attendance: 2000 (100,00%) -- Ticket Income 60 000 $
Level 4 -- Attendance: 3873 (96,83%) -- Ticket Income 65 841 $
Luxury Box -- Attendance: 815 (81,50%) -- Ticket Income 146 700 $
Game was played at the Place Banque Scotia
Total Attendance: 16610 (92,28%)
Total Ticket Income: 966 441 $
Other Income: 144 966 $
Total Income: 1 111 407 $
Canucks
5 vs 5 Forward
Center Left Wing Right Wing Time % Phy DF OF
1 Jiri Hudler Peter Worrell Jaromir Jagr 40 1 2 2
2 Erik Christensen Clarke MacArthur Zigmund Palffy 30 1 2 2
3 Rickard Wallin Fabian Brunnstrom David Jones 20 1 2 2
4 Brad Richardson Daniel Paille Sheldon Keefe 10 1 2 2
5 vs 5 Defense
Defense Defense Time % Phy DF OF
1 Scott Niedermayer Brent Sopel 40 1 2 2
2 Brooks Orpik Chris Campoli 30 1 2 2
3 Taylor Chorney Nick Pryor 20 1 2 2
4 Scott Niedermayer Brent Sopel 10 1 2 2
PowerPlay Forward
Center Left Wing Right Wing Time % Phy DF OF
1 Jiri Hudler Peter Worrell Jaromir Jagr 60 1 2 2
2 Erik Christensen Clarke MacArthur Zigmund Palffy 40 1 2 2
PowerPlay Defense
Defense Defense Time % Phy DF OF
1 Scott Niedermayer Brent Sopel 60 1 2 2
2 Brooks Orpik Chris Campoli 40 1 2 2
Penalty Kill 4 Players Forward
Center Wing Time % Phy DF OF
1 Jaromir Jagr Peter Worrell 60 1 2 2
2 Clarke MacArthur Jiri Hudler 40 1 2 2
Penalty Kill 4 Players Defense
Defense Defense Time % Phy DF OF
1 Scott Niedermayer Brent Sopel 60 1 2 2
2 Brooks Orpik Chris Campoli 40 1 2 2
Penalty Kill - 3 Players Forward
Forward Time % Phy DF OF
1 Jaromir Jagr 60 1 2 2
2 Peter Worrell 40 1 2 2
Penalty Kill - 3 Players Defense
Defense Defense Time % Phy DF OF
1 Scott Niedermayer Brent Sopel 60 1 2 2
2 Brooks Orpik Chris Campoli 40 1 2 2
4 vs 4 Forward
Center Wing Time % Phy DF OF
1 Jaromir Jagr Peter Worrell 60 1 2 2
2 Clarke MacArthur Jiri Hudler 40 1 2 2
4 vs 4 Defense
Defense Defense Time % Phy DF OF
1 Scott Niedermayer Brent Sopel 60 1 2 2
2 Brooks Orpik Chris Campoli 40 1 2 2
Last Minutes Offensive
Center Left Wing Right Wing Defense Defense
Jiri Hudler Peter Worrell Jaromir Jagr Scott Niedermayer Brent Sopel
Last Minutes Defensive
Center Left Wing Right Wing Defense Defense
Jiri Hudler Peter Worrell Jaromir Jagr Scott Niedermayer Brent Sopel
Goaltenders
Starting : Jean-Sébastien Giguère
Backup : Carey Price
Extra Forwards
Normal : Fabian Brunnstrom, David Jones, Sheldon Keefe - PP : Fabian Brunnstrom, David Jones - PK : Sheldon Keefe
Extra Defensemen
Normal : Taylor Chorney, Nick Pryor, Brooks Orpik - PP : Taylor Chorney - PK : Nick Pryor, Brooks Orpik
Penalty Shots
Jaromir Jagr, Peter Worrell, Clarke MacArthur, Jiri Hudler, Fabian Brunnstrom
Sénateurs
5 vs 5 Forward
Center Left Wing Right Wing Time % Phy DF OF
1 Daymond Langkow Andy McDonald Todd Bertuzzi 40 1 2 2
2 Paul Gaustad Ray Whitney Nikita Alexeev 30 1 2 2
3 Chris Kelly Sean Avery Sami Kapanen 20 1 2 2
4 Vernon Fiddler Ville Nieminen Dan Hinote 10 1 2 2
5 vs 5 Defense
Defense Defense Time % Phy DF OF
1 Vitaly Vishnevsky Jay McKee 40 1 2 2
2 Sami Salo Richard Jackman 30 1 2 2
3 Toni Lydman Dan Girardi 20 1 2 2
4 Vitaly Vishnevsky Jay McKee 10 1 2 2
PowerPlay Forward
Center Left Wing Right Wing Time % Phy DF OF
1 Daymond Langkow Andy McDonald Todd Bertuzzi 60 1 2 2
2 Paul Gaustad Ray Whitney Nikita Alexeev 40 1 2 2
PowerPlay Defense
Defense Defense Time % Phy DF OF
1 Vitaly Vishnevsky Jay McKee 60 1 2 2
2 Sami Salo Richard Jackman 40 1 2 2
Penalty Kill 4 Players Forward
Center Wing Time % Phy DF OF
1 Todd Bertuzzi Daymond Langkow 60 1 2 2
2 Paul Gaustad Chris Kelly 40 1 2 2
Penalty Kill 4 Players Defense
Defense Defense Time % Phy DF OF
1 Vitaly Vishnevsky Jay McKee 60 1 2 2
2 Sami Salo Richard Jackman 40 1 2 2
Penalty Kill - 3 Players Forward
Forward Time % Phy DF OF
1 Todd Bertuzzi 60 1 2 2
2 Daymond Langkow 40 1 2 2
Penalty Kill - 3 Players Defense
Defense Defense Time % Phy DF OF
1 Vitaly Vishnevsky Jay McKee 60 1 2 2
2 Sami Salo Richard Jackman 40 1 2 2
4 vs 4 Forward
Center Wing Time % Phy DF OF
1 Todd Bertuzzi Daymond Langkow 60 1 2 2
2 Paul Gaustad Chris Kelly 40 1 2 2
4 vs 4 Defense
Defense Defense Time % Phy DF OF
1 Vitaly Vishnevsky Jay McKee 60 1 2 2
2 Sami Salo Richard Jackman 40 1 2 2
Last Minutes Offensive
Center Left Wing Right Wing Defense Defense
Daymond Langkow Andy McDonald Todd Bertuzzi Vitaly Vishnevsky Jay McKee
Last Minutes Defensive
Center Left Wing Right Wing Defense Defense
Daymond Langkow Andy McDonald Todd Bertuzzi Vitaly Vishnevsky Jay McKee
Goaltenders
Starting : Jonas Hiller
Backup : Maxime Ouellet
Extra Forwards
Normal : Vernon Fiddler, Sami Kapanen, Sean Avery - PP : Vernon Fiddler, Sami Kapanen - PK : Sean Avery
Extra Defensemen
Normal : Toni Lydman, Dan Girardi, Sami Salo - PP : Toni Lydman - PK : Dan Girardi, Sami Salo
Penalty Shots
Todd Bertuzzi, Daymond Langkow, Paul Gaustad, Chris Kelly, Andy McDonald
% Time on Ice - Canucks
Lines # - Real PCT - Wanted PCT - Time Play
Normal Forward
1 - 33% - 40% - 14:17
2 - 26% - 30% - 11:14
3 - 24% - 20% - 10:28
4 - 17% - 10% - 7:34
Normal Defense
1 - 37% - 40% - 16:03
2 - 32% - 30% - 13:58
3 - 27% - 20% - 11:50
4 - 4% - 10% - 1:42
PP Forward
1 - 55% - 60% - 3:18
2 - 45% - 40% - 2:39
PP Defense
1 - 58% - 60% - 3:28
2 - 42% - 40% - 2:29
PK Forward
1 - 83% - 60% - 7:04
2 - 17% - 40% - 1:27
PK Defense
1 - 54% - 60% - 4:34
2 - 46% - 40% - 3:57
PK3 Forward
1 - 0% - 60%
2 - 0% - 40%
PK3 Defense
1 - 0% - 60%
2 - 0% - 40%
44 Forward
1 - 100% - 60% - 1:59
2 - 0% - 40% - 0:00
44 Defense
1 - 60% - 60% - 1:11
2 - 40% - 40% - 0:48
Last Minute Offensive - 0:00
Last Minute Defensive - 0:00
Total
Forward - 60:00
Defense - 60:00
|
% Time on Ice - Sénateurs
Lines # - Real PCT - Wanted PCT - Time Play
Normal Forward
1 - 33% - 40% - 14:26
2 - 29% - 30% - 12:28
3 - 21% - 20% - 9:08
4 - 17% - 10% - 7:31
Normal Defense
1 - 41% - 40% - 17:47
2 - 31% - 30% - 13:34
3 - 24% - 20% - 10:15
4 - 4% - 10% - 1:57
PP Forward
1 - 48% - 60% - 4:07
2 - 52% - 40% - 4:24
PP Defense
1 - 46% - 60% - 3:55
2 - 54% - 40% - 4:36
PK Forward
1 - 81% - 60% - 4:49
2 - 19% - 40% - 1:08
PK Defense
1 - 64% - 60% - 3:47
2 - 36% - 40% - 2:10
PK3 Forward
1 - 0% - 60%
2 - 0% - 40%
PK3 Defense
1 - 0% - 60%
2 - 0% - 40%
44 Forward
1 - 77% - 60% - 1:32
2 - 23% - 40% - 0:27
44 Defense
1 - 50% - 60% - 0:59
2 - 50% - 40% - 1:00
Last Minute Offensive - 0:00
Last Minute Defensive - 0:00
Total
Forward - 60:00
Defense - 60:00
|
Play by Play
1st period
0:01 of 1st period - Daymond Langkow wins face-off versus Jiri Hudler in neutral zone.
0:53 of 1st period - Wrist shot by Fabian Brunnstrom.
0:53 of 1st period - Stopped by Jonas Hiller with a rebound.
0:55 of 1st period - Slapshot by Brent Sopel.
0:55 of 1st period - Shot Blocked by Sami Salo.
1:07 of 1st period - Wrist shot by Brad Richardson.
1:07 of 1st period - Shot Misses the Net.
1:55 of 1st period - Snap shot by Jaromir Jagr.
1:55 of 1st period - Shot Misses the Net.
2:03 of 1st period - Slapshot by Sami Salo.
2:03 of 1st period - Shot Blocked by Rickard Wallin.
2:05 of 1st period - Slapshot by Ville Nieminen.
2:05 of 1st period - Stopped by Jean-Sébastien Giguère with a rebound.
2:36 of 1st period - Wrist shot by Daymond Langkow.
2:36 of 1st period - Stopped by Jean-Sébastien Giguère with a rebound.
2:46 of 1st period - Snap shot by Chris Kelly.
2:46 of 1st period - Stopped by Jean-Sébastien Giguère with a rebound.
2:52 of 1st period - Snap shot by Chris Kelly.
2:52 of 1st period - Shot Misses the Net.
2:54 of 1st period - Snap shot by Jay McKee.
2:54 of 1st period - Shot Blocked by Brooks Orpik.
3:28 of 1st period - Wrist shot by Clarke MacArthur.
3:28 of 1st period - Deflect By Erik Christensen.
3:28 of 1st period - Shot Blocked by Toni Lydman.
3:28 of 1st period - Puck is out of play.
3:29 of 1st period - Daymond Langkow wins face-off versus Erik Christensen in Sénateurs zone.
3:39 of 1st period - Snap shot by Erik Christensen.
3:39 of 1st period - Shot Misses the Net.
3:41 of 1st period - Snap shot by Zigmund Palffy.
3:41 of 1st period - Stopped by Jonas Hiller without a rebound.
3:42 of 1st period - Daymond Langkow wins face-off versus Jiri Hudler in Sénateurs zone.
3:57 of 1st period - Wrist shot by Andy McDonald.
3:57 of 1st period - Shot Misses the Net.
4:50 of 1st period - Daymond Langkow is hit by Sheldon Keefe and loses puck.
4:57 of 1st period - Slapshot by Brad Richardson.
4:57 of 1st period - Deflect By Daymond Langkow.
4:57 of 1st period - Shot Misses the Net.
4:57 of 1st period - Puck is out of play.
4:58 of 1st period - Jiri Hudler wins face-off versus Paul Gaustad in Sénateurs zone.
5:11 of 1st period - Brooks Orpik is hit by Nikita Alexeev and loses puck.
5:24 of 1st period - Zigmund Palffy is hit by Andy McDonald and loses puck.
5:35 of 1st period - Wrist shot by Todd Bertuzzi.
5:35 of 1st period - Shot Misses the Net.
5:45 of 1st period - Snap shot by Fabian Brunnstrom.
5:45 of 1st period - Deflect By Rickard Wallin.
5:45 of 1st period - Shot Misses the Net.
5:45 of 1st period - Puck is out of play.
5:46 of 1st period - Sean Avery wins face-off versus Rickard Wallin in Sénateurs zone.
6:20 of 1st period - Snap shot by Daymond Langkow.
6:20 of 1st period - Shot Misses the Net.
6:34 of 1st period - Snap shot by Nikita Alexeev.
6:34 of 1st period - Stopped by Jean-Sébastien Giguère with a rebound.
7:00 of 1st period - Slapshot by Sami Salo.
7:00 of 1st period - Deflect By Vernon Fiddler.
7:00 of 1st period - Stopped by Jean-Sébastien Giguère with a rebound.
7:04 of 1st period - Snap shot by Vernon Fiddler.
7:04 of 1st period - Shot Misses the Net.
7:26 of 1st period - Snap shot by Sean Avery.
7:26 of 1st period - Shot Misses the Net.
8:19 of 1st period - Snap shot by Vernon Fiddler.
8:19 of 1st period - Stopped by Jean-Sébastien Giguère without a rebound.
8:20 of 1st period - Rickard Wallin wins face-off versus Vernon Fiddler in Canucks zone.
8:29 of 1st period - Fabian Brunnstrom is hit by Toni Lydman and loses puck.
9:17 of 1st period - Snap shot by Paul Gaustad.
9:17 of 1st period - Stopped by Jean-Sébastien Giguère without a rebound.
9:18 of 1st period - Jaromir Jagr wins face-off versus Daymond Langkow in Canucks zone.
9:33 of 1st period - Slapshot by Peter Worrell.
9:33 of 1st period - Deflect By Jaromir Jagr.
9:33 of 1st period - Stopped by Jonas Hiller with a rebound.
9:43 of 1st period - Chris Campoli is hit by Paul Gaustad and loses puck.
10:08 of 1st period - Off-side.
10:09 of 1st period - Chris Kelly wins face-off versus Rickard Wallin in neutral zone.
10:34 of 1st period - David Jones is hit by Toni Lydman and loses puck.
10:43 of 1st period - Snap shot by David Jones.
10:43 of 1st period - Shot Misses the Net.
10:45 of 1st period - Snap shot by David Jones.
10:45 of 1st period - Stopped by Jonas Hiller with a rebound.
11:03 of 1st period - Sami Salo is hit by Jiri Hudler and loses puck.
11:24 of 1st period - Taylor Chorney is hit by Vitaly Vishnevsky and loses puck.
11:47 of 1st period - Snap shot by Brad Richardson.
11:47 of 1st period - Shot Misses the Net.
12:05 of 1st period - Snap shot by Jaromir Jagr.
12:05 of 1st period - Stopped by Jonas Hiller without a rebound.
12:06 of 1st period - Jiri Hudler wins face-off versus Daymond Langkow in Sénateurs zone.
12:55 of 1st period - Snap shot by Fabian Brunnstrom.
12:55 of 1st period - Shot Blocked by Vitaly Vishnevsky.
13:57 of 1st period - Daymond Langkow is hit by Zigmund Palffy and loses puck.
14:20 of 1st period - Snap shot by Jiri Hudler.
14:20 of 1st period - Stopped by Jonas Hiller with a rebound.
14:22 of 1st period - Wrist shot by Jaromir Jagr.
14:22 of 1st period - Shot Misses the Net.
14:32 of 1st period - Ville Nieminen is hit by Fabian Brunnstrom.
14:42 of 1st period - Snap shot by Rickard Wallin.
14:42 of 1st period - Shot Misses the Net.
14:58 of 1st period - Wrist shot by Andy McDonald.
14:58 of 1st period - Deflect By Daymond Langkow.
14:58 of 1st period - Shot Blocked by Daniel Paille.
14:58 of 1st period - Puck is out of play.
14:59 of 1st period - Paul Gaustad wins face-off versus Brad Richardson in Canucks zone.
15:06 of 1st period - Slapshot by Nikita Alexeev.
15:06 of 1st period - Stopped by Jean-Sébastien Giguère without a rebound.
15:07 of 1st period - Jiri Hudler wins face-off versus Paul Gaustad in Canucks zone.
15:37 of 1st period - Snap shot by Nikita Alexeev.
15:37 of 1st period - Shot Misses the Net.
15:39 of 1st period - Wrist shot by Paul Gaustad.
15:39 of 1st period - Stopped by Jean-Sébastien Giguère with a rebound.
15:57 of 1st period - Snap shot by Zigmund Palffy.
15:57 of 1st period - Shot Blocked by Vitaly Vishnevsky.
16:09 of 1st period - Snap shot by Paul Gaustad.
16:09 of 1st period - Shot Misses the Net.
16:11 of 1st period - Wrist shot by Paul Gaustad.
16:11 of 1st period - Shot Misses the Net.
16:13 of 1st period - Slapshot by Vitaly Vishnevsky.
16:13 of 1st period - Shot Misses the Net.
16:15 of 1st period - Wrist shot by Jay McKee.
16:15 of 1st period - Shot Blocked by Taylor Chorney.
16:17 of 1st period - Wrist shot by Ray Whitney.
16:17 of 1st period - Shot Misses the Net.
16:19 of 1st period - Backhand shot by Ray Whitney.
16:19 of 1st period - Shot Blocked by Zigmund Palffy.
16:21 of 1st period - Wrist shot by Ray Whitney.
16:21 of 1st period - Stopped by Jean-Sébastien Giguère without a rebound.
16:22 of 1st period - Daymond Langkow wins face-off versus Jiri Hudler in Canucks zone.
16:23 of 1st period - Slapshot by Andy McDonald.
16:23 of 1st period - Stopped by Jean-Sébastien Giguère with a rebound.
16:25 of 1st period - Snap shot by Daymond Langkow.
16:25 of 1st period - Deflect By Andy McDonald.
16:25 of 1st period - Shot Misses the Net.
16:25 of 1st period - Puck is out of play.
16:26 of 1st period - Daymond Langkow wins face-off versus Jiri Hudler in Canucks zone.
16:29 of 1st period - Snap shot by Andy McDonald.
16:29 of 1st period - Stopped by Jean-Sébastien Giguère with a rebound.
16:31 of 1st period - Wrist shot by Daymond Langkow.
16:31 of 1st period - Stopped by Jean-Sébastien Giguère with a rebound.
16:39 of 1st period - Daymond Langkow is hit by Brent Sopel and loses puck.
17:17 of 1st period - Snap shot by Dan Girardi.
17:17 of 1st period - Shot Blocked by Brent Sopel.
17:19 of 1st period - Wrist shot by Ville Nieminen.
17:19 of 1st period - Shot Misses the Net.
18:17 of 1st period - Slapshot by Brad Richardson.
18:17 of 1st period - Shot Hit the Post.
18:56 of 1st period - Snap shot by Jaromir Jagr.
18:56 of 1st period - Shot Blocked by Sami Kapanen.
19:20 of 1st period - Vernon Fiddler is hit by David Jones and loses puck.
19:32 of 1st period - Off-side.
19:33 of 1st period - Brad Richardson wins face-off versus Paul Gaustad in neutral zone.
2nd period
0:01 of 2nd period - Jiri Hudler wins face-off versus Daymond Langkow in neutral zone.
0:04 of 2nd period - Slapshot by Scott Niedermayer.
0:04 of 2nd period - Stopped by Jonas Hiller without a rebound.
0:05 of 2nd period - Jiri Hudler wins face-off versus Daymond Langkow in Sénateurs zone.
0:08 of 2nd period - Snap shot by Jaromir Jagr.
0:08 of 2nd period - Stopped by Jonas Hiller without a rebound.
0:09 of 2nd period - Peter Worrell wins face-off versus Daymond Langkow in Sénateurs zone.
0:59 of 2nd period - Minor Penalty to Daymond Langkow for Boarding.
1:00 of 2nd period - Todd Bertuzzi wins face-off versus Erik Christensen in Sénateurs zone.
2:59 of 2nd period - Penalty to Daymond Langkow is over, Daymond Langkow is back on ice.
4:05 of 2nd period - Toni Lydman is hit by Daniel Paille and loses puck.
4:17 of 2nd period - Minor Penalty to Peter Worrell for Hooking.
4:18 of 2nd period - Daymond Langkow wins face-off versus Jaromir Jagr in Canucks zone.
4:27 of 2nd period - Wrist shot by Andy McDonald.
4:27 of 2nd period - Shot Misses the Net.
4:29 of 2nd period - Snap shot by Sami Salo.
4:29 of 2nd period - Shot Misses the Net.
4:31 of 2nd period - Slapshot by Sami Salo.
4:31 of 2nd period - Deflect By Daymond Langkow.
4:31 of 2nd period - Stopped by Jean-Sébastien Giguère with a rebound.
5:14 of 2nd period - Snap shot by Paul Gaustad.
5:14 of 2nd period - Shot Misses the Net.
5:16 of 2nd period - Slapshot by Sami Salo.
5:16 of 2nd period - Stopped by Jean-Sébastien Giguère with a rebound.
5:26 of 2nd period - Snap shot by Paul Gaustad.
5:26 of 2nd period - Goal by Paul Gaustad - Canucks : 0 - Sénateurs : 1.
5:27 of 2nd period - Daymond Langkow wins face-off versus Jiri Hudler in neutral zone.
5:32 of 2nd period - Slapshot by Vitaly Vishnevsky.
5:32 of 2nd period - Shot Blocked by Scott Niedermayer.
5:36 of 2nd period - Snap shot by Daymond Langkow.
5:36 of 2nd period - Shot Misses the Net.
6:00 of 2nd period - Snap shot by Sean Avery.
6:00 of 2nd period - Stopped by Jean-Sébastien Giguère with a rebound.
6:06 of 2nd period - Sami Kapanen is hit by David Jones and loses puck.
6:39 of 2nd period - Snap shot by Andy McDonald.
6:39 of 2nd period - Stopped by Jean-Sébastien Giguère with a rebound.
6:41 of 2nd period - Slapshot by Sami Salo.
6:41 of 2nd period - Stopped by Jean-Sébastien Giguère without a rebound.
6:42 of 2nd period - Jiri Hudler wins face-off versus Daymond Langkow in Canucks zone.
7:07 of 2nd period - Sami Salo is hit by Erik Christensen and loses puck.
7:28 of 2nd period - Wrist shot by Chris Kelly.
7:28 of 2nd period - Shot Misses the Net.
7:46 of 2nd period - David Jones is hit by Andy McDonald and loses puck.
7:57 of 2nd period - Slapshot by David Jones.
7:57 of 2nd period - Shot Misses the Net.
7:59 of 2nd period - Slapshot by Scott Niedermayer.
7:59 of 2nd period - Shot Blocked by Vitaly Vishnevsky.
8:01 of 2nd period - Slapshot by David Jones.
8:01 of 2nd period - Shot Misses the Net.
8:03 of 2nd period - Slapshot by Brent Sopel.
8:03 of 2nd period - Deflect By Daymond Langkow.
8:03 of 2nd period - Stopped by Jonas Hiller with a rebound.
8:05 of 2nd period - Slapshot by Brent Sopel.
8:05 of 2nd period - Deflect By Jay McKee.
8:05 of 2nd period - Goal by Brent Sopel - Canucks : 1 - Sénateurs : 1.
8:06 of 2nd period - Daymond Langkow wins face-off versus Jiri Hudler in neutral zone.
8:21 of 2nd period - Minor Penalty to Sami Salo for Slashing.
8:21 of 2nd period - Minor Penalty to Peter Worrell for Tripping.
8:22 of 2nd period - Jaromir Jagr wins face-off versus Todd Bertuzzi in neutral zone.
9:10 of 2nd period - Snap shot by Paul Gaustad.
9:10 of 2nd period - Stopped by Jean-Sébastien Giguère with a rebound.
10:21 of 2nd period - Penalty to Sami Salo is over, Sami Salo is back on ice.
10:21 of 2nd period - Penalty to Peter Worrell is over, Peter Worrell is back on ice.
10:31 of 2nd period - Peter Worrell is hit by Paul Gaustad and loses puck.
10:46 of 2nd period - Snap shot by Peter Worrell.
10:46 of 2nd period - Stopped by Jonas Hiller with a rebound.
11:06 of 2nd period - Snap shot by Jiri Hudler.
11:06 of 2nd period - Shot Misses the Net.
11:20 of 2nd period - Slapshot by Sami Salo.
11:20 of 2nd period - Shot Misses the Net.
11:22 of 2nd period - Slapshot by Sami Salo.
11:22 of 2nd period - Shot Blocked by Brad Richardson.
11:58 of 2nd period - Wrist shot by Fabian Brunnstrom.
11:58 of 2nd period - Stopped by Jonas Hiller without a rebound.
11:59 of 2nd period - Daymond Langkow wins face-off versus Rickard Wallin in Sénateurs zone.
11:59 of 2nd period - Daymond Langkow is hit by David Jones.
12:21 of 2nd period - Zigmund Palffy is hit by Nikita Alexeev and loses puck.
12:26 of 2nd period - Slapshot by Nikita Alexeev.
12:26 of 2nd period - Shot Blocked by Brent Sopel.
12:28 of 2nd period - Wrist shot by Paul Gaustad.
12:28 of 2nd period - Shot Blocked by Brent Sopel.
12:30 of 2nd period - Snap shot by Paul Gaustad.
12:30 of 2nd period - Stopped by Jean-Sébastien Giguère with a rebound.
12:32 of 2nd period - Slapshot by Vitaly Vishnevsky.
12:32 of 2nd period - Stopped by Jean-Sébastien Giguère without a rebound.
12:33 of 2nd period - Daymond Langkow wins face-off versus Jiri Hudler in Canucks zone.
12:41 of 2nd period - Minor Penalty to Andy McDonald for Slashing.
12:42 of 2nd period - Todd Bertuzzi wins face-off versus Peter Worrell in Sénateurs zone.
12:51 of 2nd period - Slapshot by Vitaly Vishnevsky.
12:51 of 2nd period - Deflect By Daymond Langkow.
12:51 of 2nd period - Shot Misses the Net.
12:51 of 2nd period - Puck is out of play.
12:52 of 2nd period - Todd Bertuzzi wins face-off versus Jiri Hudler in Canucks zone.
12:59 of 2nd period - Snap shot by Jiri Hudler.
12:59 of 2nd period - Shot Blocked by Jay McKee.
13:01 of 2nd period - Snap shot by Jaromir Jagr.
13:01 of 2nd period - Stopped by Jonas Hiller without a rebound.
13:02 of 2nd period - Jiri Hudler wins face-off versus Daymond Langkow in Sénateurs zone.
13:07 of 2nd period - Wrist shot by Jaromir Jagr.
13:07 of 2nd period - Stopped by Jonas Hiller with a rebound.
14:09 of 2nd period - Slapshot by Sami Salo.
14:09 of 2nd period - Shot Blocked by Jiri Hudler.
14:41 of 2nd period - Penalty to Andy McDonald is over, Andy McDonald is back on ice.
15:12 of 2nd period - Taylor Chorney is hit by Sami Kapanen and loses puck.
15:31 of 2nd period - Taylor Chorney is hit by Ville Nieminen.
16:10 of 2nd period - Jaromir Jagr is hit by Ray Whitney and loses puck.
16:37 of 2nd period - Slapshot by David Jones.
16:37 of 2nd period - Stopped by Jonas Hiller with a rebound.
16:39 of 2nd period - Wrist shot by David Jones.
16:39 of 2nd period - Stopped by Jonas Hiller without a rebound.
16:40 of 2nd period - Andy McDonald wins face-off versus Erik Christensen in Sénateurs zone.
16:40 of 2nd period - Andy McDonald is hit by Chris Campoli.
18:20 of 2nd period - Snap shot by Daymond Langkow.
18:20 of 2nd period - Stopped by Jean-Sébastien Giguère without a rebound.
18:21 of 2nd period - Daymond Langkow wins face-off versus Erik Christensen in Canucks zone.
18:28 of 2nd period - Snap shot by Andy McDonald.
18:28 of 2nd period - Stopped by Jean-Sébastien Giguère without a rebound.
18:29 of 2nd period - Erik Christensen wins face-off versus Daymond Langkow in Canucks zone.
18:43 of 2nd period - Snap shot by Andy McDonald.
18:43 of 2nd period - Stopped by Jean-Sébastien Giguère with a rebound.
18:45 of 2nd period - Snap shot by Daymond Langkow.
18:45 of 2nd period - Shot Misses the Net.
18:47 of 2nd period - Wrist shot by Daymond Langkow.
18:47 of 2nd period - Deflect By Todd Bertuzzi.
18:47 of 2nd period - Shot Blocked by Scott Niedermayer.
18:47 of 2nd period - Puck is out of play.
18:48 of 2nd period - Jiri Hudler wins face-off versus Paul Gaustad in Canucks zone.
18:55 of 2nd period - Snap shot by Jaromir Jagr.
18:55 of 2nd period - Deflect By Peter Worrell.
18:55 of 2nd period - Stopped by Jonas Hiller with a rebound.
18:57 of 2nd period - Wrist shot by Jaromir Jagr.
18:57 of 2nd period - Shot Misses the Net.
19:01 of 2nd period - Snap shot by Jaromir Jagr.
19:01 of 2nd period - Goal by Jaromir Jagr - Canucks : 2 - Sénateurs : 1.
19:02 of 2nd period - Todd Bertuzzi wins face-off versus Jiri Hudler in neutral zone.
19:27 of 2nd period - Vitaly Vishnevsky is hit by Brent Sopel and loses puck.
19:48 of 2nd period - Wrist shot by Vitaly Vishnevsky.
19:48 of 2nd period - Stopped by Jean-Sébastien Giguère without a rebound.
19:49 of 2nd period - Sean Avery wins face-off versus Rickard Wallin in Canucks zone.
3rd period
0:01 of 3rd period - Daymond Langkow wins face-off versus Jiri Hudler in neutral zone.
0:01 of 3rd period - Andy McDonald is hit by Brent Sopel and loses puck.
0:08 of 3rd period - Snap shot by Peter Worrell.
0:08 of 3rd period - Shot Misses the Net.
0:15 of 3rd period - Minor Penalty to Brent Sopel for High sticking.
0:16 of 3rd period - Daymond Langkow wins face-off versus Jaromir Jagr in Canucks zone.
0:29 of 3rd period - Snap shot by Daymond Langkow.
0:29 of 3rd period - Shot Misses the Net.
0:31 of 3rd period - Wrist shot by Daymond Langkow.
0:31 of 3rd period - Deflect By Scott Niedermayer.
0:31 of 3rd period - Stopped by Jean-Sébastien Giguère with a rebound.
2:15 of 3rd period - Penalty to Brent Sopel is over, Brent Sopel is back on ice.
2:30 of 3rd period - Sean Avery is hit by Rickard Wallin and loses puck.
2:45 of 3rd period - Toni Lydman is hit by Daniel Paille and loses puck.
2:50 of 3rd period - Snap shot by Sheldon Keefe.
2:50 of 3rd period - Stopped by Jonas Hiller without a rebound.
2:51 of 3rd period - Vernon Fiddler wins face-off versus Rickard Wallin in Sénateurs zone.
3:18 of 3rd period - Wrist shot by Jiri Hudler.
3:18 of 3rd period - Shot Blocked by Jay McKee.
4:05 of 3rd period - Wrist shot by Andy McDonald.
4:05 of 3rd period - Stopped by Jean-Sébastien Giguère with a rebound.
4:07 of 3rd period - Snap shot by Todd Bertuzzi.
4:07 of 3rd period - Shot Blocked by Chris Campoli.
4:09 of 3rd period - Slapshot by Sami Salo.
4:09 of 3rd period - Shot Misses the Net.
4:19 of 3rd period - Peter Worrell is hit by Sami Salo and loses puck.
4:27 of 3rd period - Icing by Peter Worrell.
4:28 of 3rd period - Jiri Hudler wins face-off versus Daymond Langkow in Canucks zone.
5:48 of 3rd period - Slapshot by Fabian Brunnstrom.
5:48 of 3rd period - Stopped by Jonas Hiller without a rebound.
5:48 of 3rd period - Minor Penalty to Jonas Hiller for Delaying the game.
5:49 of 3rd period - Jiri Hudler wins face-off versus Todd Bertuzzi in Sénateurs zone.
6:16 of 3rd period - Daymond Langkow is hit by Erik Christensen and loses puck.
6:59 of 3rd period - Jaromir Jagr is hit by Andy McDonald and loses puck.
7:48 of 3rd period - Penalty to Vitaly Vishnevsky is over, Vitaly Vishnevsky is back on ice.
7:55 of 3rd period - Wrist shot by Daniel Paille.
7:55 of 3rd period - Stopped by Jonas Hiller without a rebound.
7:56 of 3rd period - Nikita Alexeev wins face-off versus Brad Richardson in Sénateurs zone.
8:01 of 3rd period - Slapshot by Dan Girardi.
8:01 of 3rd period - Shot Misses the Net.
8:11 of 3rd period - Taylor Chorney is hit by Paul Gaustad and loses puck.
8:18 of 3rd period - Snap shot by Daniel Paille.
8:18 of 3rd period - Goal by Daniel Paille - Canucks : 3 - Sénateurs : 1.
8:19 of 3rd period - Jiri Hudler wins face-off versus Daymond Langkow in neutral zone.
8:30 of 3rd period - Wrist shot by Jaromir Jagr.
8:30 of 3rd period - Shot Blocked by Daymond Langkow.
9:14 of 3rd period - Slapshot by David Jones.
9:14 of 3rd period - Deflect By Fabian Brunnstrom.
9:14 of 3rd period - Shot Misses the Net.
9:14 of 3rd period - Puck is out of play.
9:15 of 3rd period - Jiri Hudler wins face-off versus Daymond Langkow in Sénateurs zone.
9:18 of 3rd period - Wrist shot by Peter Worrell.
9:18 of 3rd period - Shot Misses the Net.
9:20 of 3rd period - Slapshot by Brent Sopel.
9:20 of 3rd period - Shot Misses the Net.
9:22 of 3rd period - Backhand shot by Brent Sopel.
9:22 of 3rd period - Shot Blocked by Andy McDonald.
9:24 of 3rd period - Wrist shot by Peter Worrell.
9:24 of 3rd period - Stopped by Jonas Hiller with a rebound.
9:30 of 3rd period - Slapshot by Jiri Hudler.
9:30 of 3rd period - Stopped by Jonas Hiller with a rebound.
9:44 of 3rd period - Wrist shot by Paul Gaustad.
9:44 of 3rd period - Stopped by Jean-Sébastien Giguère without a rebound.
9:45 of 3rd period - Paul Gaustad wins face-off versus Erik Christensen in Canucks zone.
10:10 of 3rd period - Vitaly Vishnevsky is hit by Rickard Wallin and loses puck.
10:19 of 3rd period - Slapshot by Fabian Brunnstrom.
10:19 of 3rd period - Goal by Fabian Brunnstrom - Canucks : 4 - Sénateurs : 1.
10:20 of 3rd period - Daymond Langkow wins face-off versus Jiri Hudler in neutral zone.
10:51 of 3rd period - Snap shot by Fabian Brunnstrom.
10:51 of 3rd period - Stopped by Jonas Hiller without a rebound.
10:52 of 3rd period - Rickard Wallin wins face-off versus Paul Gaustad in Sénateurs zone.
10:52 of 3rd period - Major Penalty to Fabian Brunnstrom for Checking from behind.
10:53 of 3rd period - Peter Worrell wins face-off versus Daymond Langkow in Canucks zone.
12:45 of 3rd period - Icing by Daymond Langkow.
12:46 of 3rd period - Brad Richardson wins face-off versus Daymond Langkow in Sénateurs zone.
12:59 of 3rd period - Brad Richardson is hit by Ray Whitney and loses puck.
13:20 of 3rd period - Peter Worrell is hit by Nikita Alexeev and loses puck.
14:08 of 3rd period - Jiri Hudler is hit by Vernon Fiddler and loses puck.
15:52 of 3rd period - Penalty to Fabian Brunnstrom is over, Fabian Brunnstrom is back on ice.
16:20 of 3rd period - Ville Nieminen is hit by Erik Christensen and loses puck.
16:48 of 3rd period - Dan Girardi is hit by Rickard Wallin.
17:46 of 3rd period - Richard Jackman is hit by Brooks Orpik.
18:09 of 3rd period - Dan Girardi is hit by Zigmund Palffy and loses puck.
18:22 of 3rd period - Vernon Fiddler is hit by Nick Pryor and loses puck.
18:31 of 3rd period - Ville Nieminen is hit by Sheldon Keefe and loses puck.
18:59 of 3rd period - Peter Worrell is hit by Chris Kelly.
19:23 of 3rd period - Andy McDonald is hit by David Jones and loses puck.
19:30 of 3rd period - Snap shot by Fabian Brunnstrom.
19:30 of 3rd period - Shot Misses the Net.
19:35 of 3rd period - Minor Penalty to Scott Niedermayer for Tripping.
19:36 of 3rd period - Peter Worrell wins face-off versus Paul Gaustad in Canucks zone.
19:52 of 3rd period - Peter Worrell is hit by Nikita Alexeev and loses puck.
Output by the SimonT Hockey Simulator (STHS) for François Prévost -- Original Page W3C XHTML 1.0 Valid